 Dungeon Crawl Stone Soup version 0.31-a0-152-g6aa68a64a1 (webtiles) character file.

Game seed: 1758207747251097345

56 qw the Shooter (level 3, -5/22 HPs)
             Began as a Gargoyle Hunter on June 10, 2023.
             Slain by a gnoll
             ... wielding a +0 club
              (7 damage)
             ... on level 2 of the Dungeon.
             The game lasted 00:00:20 (862 turns).

qw the Shooter (Gargoyle Hunter)                     Turns: 862, Time: 00:00:20

Health: -5/22      AC:  8    Str: 14    XL:     3   Next: 95%
Magic:  3/3        EV: 10    Int:  9    God:
Gold:   79         SH:  0    Dex: 15    Spells: 2/2 levels left

rFire   + . .        Y - +0 shortbow
rCold   . . .        (shield currently unavailable)
rNeg    + . .        d - +0 ring mail
rPois   inf          (no helmet)
rElec   +            (no cloak)
rCorr   .            (no gloves)
SInv    .            (no boots)
Will    .....        (no amulet)
Stlth   +            g - ring of protection from fire
HPRegen 0.23/turn    (no ring)
MPRegen 0.08/turn

%: no passive effects
@: no status effects
A: sickness immunity, AC +3, negative energy resistance 1, electricity
resistance, torment resistance 1, petrification resistance
a: no special abilities


You were on level 2 of the Dungeon.
You visited 1 branch of the dungeon, and saw 2 of its levels.

You collected 79 gold pieces.


Innate Abilities, Weirdness & Mutations

You are immune to sickness and miasma.
Your stone body is resilient. (AC +3)
You are immune to poison.
You resist negative energy. (rN+)
You are resistant to electric shocks. (rElec)
You are resistant to unholy torment.
You are immune to petrification.


   Skills:
 + Level 2.6 Fighting
 - Level 5.1 Ranged Weapons
 - Level 1.0 Armour
 - Level 1.5 Dodging
 - Level 1.1 Stealth


You had 2 spell levels left.
You didn't know any spells.
Your spell library was empty.

Inventory:

Hand Weapons
 Y - a +0 shortbow (weapon)
Armour
 d - a +0 ring mail (worn)
Jewellery
 g - a ring of protection from fire (left hand)
Scrolls
 f - 3 scrolls of identify
Potions
 a - a potion of lignification {unknown}
 b - a potion of attraction {unknown}
 e - a potion of curing
 h - a potion of haste

Dungeon Overview and Level Annotations

Branches:
Dungeon (2/15)

Altars:


Message History

You shoot an arrow.
The arrow hits the gnoll but does no damage.
A goblin comes into view. It is wielding a +0 spear.
A gnoll comes into view. It is wielding a +0 club.
You shoot an arrow. The goblin shouts!
The gnoll shouts!
The arrow hits the gnoll.
The gnoll is moderately wounded.
The goblin unwields a +0 spear.
The goblin wields a +0 sling.
The goblin shoots a sling bullet.
The sling bullet closely misses you.
You shoot an arrow. The arrow hits the gnoll.
The gnoll is heavily wounded.
The goblin shoots a sling bullet.
The sling bullet misses you.
You shoot an arrow. The arrow barely misses the gnoll.
The arrow hits the gnoll but does no damage.
A ball python comes into view.
The goblin shoots a sling bullet.
The sling bullet hits you but does no damage.
You shoot an arrow. The arrow hits the gnoll.
The gnoll is severely wounded.
The goblin shoots a sling bullet.
The sling bullet hits you but does no damage.
The gnoll hits you with a +0 club.
The goblin shoots a sling bullet.
The sling bullet barely misses you.
You shoot an arrow.
The arrow hits the gnoll but does no damage.
The gnoll is severely wounded.
The gnoll hits you but does no damage.
The goblin shoots a sling bullet.
The sling bullet hits you but does no damage.
You shoot an arrow. The arrow hits the gnoll!
You kill the gnoll!
The gnoll hits you from afar with a +2 spear of venom.
The gnoll hits you with a +0 club.
You shoot an arrow. The arrow barely misses the gnoll.
An endoplasm comes into view.
The gnoll hits you from afar with a +2 spear of venom.
The gnoll hits you with a +0 club.
The gnoll hits you from afar with a +2 spear of venom.
The gnoll hits you with a +0 club!
You die...

#. ##...##.#
#.##...J.#.#
#.....g....#
#..........
......... #.....
#.#
.#.##.g.########
#.#
.....gS@..%....#
#..
.#############.#
#.# #.# #.# ..
#.# #.# ..
#########.###.#
#.
.>....)......<#
#.
#########.#####
#. #.# #.
#.##### #.


You could see 2 gnolls, an endoplasm, a goblin and a ball python.

Vanquished Creatures
  2 gnolls
  An adder (D:2)
  2 dart slugs (D:2)
  An endoplasm (D:1)
  2 giant cockroaches (D:1)
  2 goblins (D:1)
  4 jackals (D:1)
  2 quokkas (D:1)
  2 ball pythons
  A bat (D:2)
  2 frilled lizards (D:1)
  2 kobolds
  A rat (D:2)
24 creatures vanquished.

Notes
Turn   | Place    | Note
-------+----------+-------------------------------------------
     0 | D:1      | qw the Gargoyle Hunter began the quest for the Orb.
     0 | D:1      | Reached XP level 1. HP: 12/12 MP: 1/1
     0 | D:1      | 0 ||| qw: Version: 0.2-a-29-g67ad517
     0 | D:1      | 0 ||| qw: Game counter: 3942
     0 | D:1      | 0 ||| qw: Always use a shield: true
     0 | D:1      | 0 ||| qw: God list: Okawaru
     0 | D:1      | 0 ||| qw: Allow faded altars: false
     0 | D:1      | 0 ||| qw: Do Orc after D:15 true
     0 | D:1      | 0 ||| qw: Do second Lair branch before Depths: true
     0 | D:1      | 0 ||| qw: Lair rune preference: random
     0 | D:1      | 0 ||| qw: Plans: Normal, Zot:1-4, Slime:5, God:TSO, Crypt,
                  | Tomb, Abyss, Pan, Hells, Win
     0 | D:1      | 0 ||| PLANNING D:1-11
    36 | D:1      | You fall into a shaft and drop 1 floor!
   182 | D:2      | 182 ||| DROPPING scroll of butterflies.
   189 | D:2      | Reached XP level 2. HP: 17/17 MP: 2/2
   512 | D:1      | Reached XP level 3. HP: 17/21 MP: 3/3
   579 | D:1      | Reached skill level 5 in Ranged Weapons
   775 | D:1      | 775 ||| UPGRADING to +0 ring mail.
   785 | D:1      | 785 ||| DROPPING +0 leather armour.
   786 | D:1      | 786 ||| UPGRADING to ring of protection from fire.
   787 | D:1      | 787 ||| READING 2 scrolls labelled OCANETZIRU.
   788 | D:1      | 788 ||| READING 5 scrolls labelled ZUSKIKL OBBEM.
   789 | D:1      | 789 ||| DRINKING 2 dark potions.
   790 | D:1      | 790 ||| READING 4 scrolls of identify.
   790 | D:1      | 790 ||| IDENTIFYING fizzy coppery potion
   791 | D:1      | 791 ||| DROPPING scroll of fear.
   846 | D:2      | Reached skill level 1 in Armour
   862 | D:2      | HP: 4/22 [gnoll/+0 club (4)]
   862 | D:2      | Slain by a gnoll

Levels and vault maps discovered:
D:1:      saegor_arrival_simple_e, layout_loops_cross
D:2:      layout_loops_ring

Skill      XL: |  1  2  3 |
---------------+----------+-----
Ranged Weapons | 5 |  5.1
Armour         | 1 |  1.0
Fighting       | |  2.6
Dodging        | |  1.5
Stealth        | |  1.1

Action                     || total
---------------------------++-------
   Fire: Shortbow          ||    77
    Use: Scroll            ||     3
         Potion            ||     1
 Armour: Leather armour    ||    10
         Ring mail         ||     4
  Dodge: Dodged            ||    31

Table legend:
 A = Non-vault XP
 B = Vault XP
 C = Vault XP percentage of total XP
 D = Non-vault monster count
 E = Vault monster count
 F = Vault count percentage of total count
                 A         B        C        D         E       F
            +---------+---------+-------+---------+---------+-------
      Total |      80 |       0 |   0.0 |      24 |       0 |   0.0
            +---------+---------+-------+---------+---------+-------
        D:1 |      41 |       0 |   0.0 |      16 |       0 |   0.0
        D:2 |      39 |       0 |   0.0 |       8 |       0 |   0.0
            +---------+---------+-------+---------+---------+-------
